 Dungeon Crawl Stone Soup version 0.17-a0-1504-gb7d9117 (webtiles) character file.

613 WellDressedCM the Shield-Bearer (level 7, -2/54 HPs)
             Began as a Human Fighter on July 10, 2015.
             Was a Follower of Elyvilon.
             Splashed by an oklob plant's acid (12 damage)
             ... on level 4 of the Dungeon.
             The game lasted 00:28:13 (3709 turns).

WellDressedCM the Shield-Bearer (Human Fighter)     Turns: 3709, Time: 00:28:13

Health: -2/54      AC:  5    Str: 18    XL:     7   Next: 73%
Magic:  7/7        EV:  6    Int:  9    God:    Elyvilon [*.....]
Gold:   175        SH:  9    Dex: 12    Spells: 0 memorised, 6 levels left

rFire  . . .     SeeInvis .     a - +0 trident
rCold  . . .     Clarity  .     w - +0 chain mail
rNeg   . . .     SustAt   .     v - +0 shield
rPois  +         Gourm    .     d - +0 helmet
rElec  .         Spirit   .     q - +0 cloak
rCorr  .         Warding  .     (no gloves)
rMut   .         Stasis   .     (no boots)
MR     .....                    f - amulet of faith
Stlth  ..........               k - ring of poison resistance
                                j - +2 ring of protection

@: corroded equipment, not resistant to hostile enchantments, extremely
unstealthy
A: no striking features
a: Lesser Healing, Divine Protection, Renounce Religion


You were on level 4 of the Dungeon.
You worshipped Elyvilon.
Elyvilon was aware of your devotion.
You were not hungry.

You visited 1 branch of the dungeon, and saw 4 of its levels.

You collected 175 gold pieces.

Inventory:

Hand weapons
 a - a +0 trident (weapon)
Missiles
 h - 16 arrows of frost
 o - 3 javelins (quivered)
Armour
 b - a +0 scale mail
 d - a +0 helmet (worn)
 q - a +0 cloak (worn)
 v - a +0 shield (worn)
 w - a +0 chain mail (worn)
Jewellery
 f - an amulet of faith (around neck)
 j - a +2 ring of protection (left hand)
 k - a ring of poison resistance (right hand)
Scrolls
 g - 4 scrolls of remove curse
 l - a scroll of fear
 n - 4 scrolls of identify
 p - 2 scrolls of amnesia
Potions
 c - 2 potions of might
 r - a potion of curing
 t - a potion of lignification
Comestibles
 e - 3 bread rations
 i - 2 meat rations
 m - a beef jerky
 s - 5 chunks of flesh
 u - 6 fruits


   Skills:
 + Level 4.2 Fighting
 * Level 4.4 Polearms
 + Level 0.4 Throwing
 * Level 4.2 Armour
 + Level 2.8 Dodging
 + Level 4.9 Shields


You had 6 spell levels left.
You didn't know any spells.

Dungeon Overview and Level Annotations

Branches:
Dungeon (4/15)
 Temple: D:4-7

Altars:
Elyvilon
Fedhas
Kikubaaqudgha

Annotations:
D:4 exclusion: oklob plant


Message History

The plant is almost destroyed.
You hit the plant.
You destroy the plant!
Really walk into a travel-excluded area?
The oklob plant spits acid at you. The splash of acid hits you!
The acid corrodes you!
The acid burns!
You see here a fruit.
u - 3 fruits (gained 1)
The oklob plant spits acid at you. The splash of acid hits you!
The acid corrodes you!
The acid burns!
You see here 2 fruits.
u - 5 fruits (gained 2)
You see here a fruit.
u - 6 fruits (gained 1)
You hit the plant but do no damage. The oklob plant spits acid at you.
The splash of acid hits you!
* * * LOW HITPOINT WARNING * * *
The acid burns!
You die... # #.....# #.# #.# ### # #####.# ##?###.# # #.###......# # #..<.......# # #####..##### # ################## ## # #.PP#P#.#PP#P♣P.P♣♣ .P# # #P.P.P♣PPPPPPPPP#.♣#PP# # #.....@PP#PPPPP♣PPPPPP# # #P..#PPPPPPP♣#♣PPPPPPP#

#
#P♣P.PPP.......♣♣.PPPP#
#
#PPPP.♣..≈≈.≈≈..P.PPP.#
#
#PPP....≈≈≈.≈≈≈..PPP..#
#
#P♣PP..≈≈≈≈.≈≈≈≈..PP..#
#
#PPPP.≈≈≈≈≈.≈≈≈≈≈.PPPP#
#####
#PP♣P.≈≈≈≈...≈≈≈≈.PPPP#
....#
#♣PPP.≈≈≈≈._.≈≈≈≈.#PPP#


You could see an oklob plant.

Vanquished Creatures
  A sky beast (D:4)
  An ogre (D:4)
  A scorpion (D:4)
  A crimson imp (D:3)
  A gnoll shaman (D:4)
  An orc wizard (D:3)
  2 worker ants (D:4)
  Natasha (thrice) (D:2)
  3 gnolls (D:4)
  5 adders
  4 oozes
  2 worms
  12 orcs
  10 bats
  4 giant cockroaches
  8 goblins
  14 hobgoblins
  6 jackals
  4 quokkas
  2 ball pythons
  2 giant geckos (D:2)
  7 giant newts
  6 kobolds
  9 rats
  A plant (D:4)
110 creatures vanquished.

Vanquished Creatures (others)
  A human (D:2)
  15 toadstools (D:4)
16 creatures vanquished.

Grand Total: 126 creatures vanquished

Notes
Turn   | Place    | Note
--------------------------------------------------------------
     0 | D:1      | WellDressedCM the Human Fighter began the quest for the Orb.
     0 | D:1      | Reached XP level 1. HP: 18/18 MP: 1/1
    84 | D:1      | Reached XP level 2. HP: 24/24 MP: 2/2
   363 | D:1      | Reached XP level 3. HP: 29/29 MP: 3/3
   649 | D:2      | Reached skill level 1 in Dodging
   652 | D:2      | Reached XP level 4. HP: 31/35 MP: 4/4
   927 | D:2      | Found an ancient bone altar of Kikubaaqudgha.
   927 | D:2      | Noticed a human
   931 | D:2      | Killed a human
   971 | D:2      | Noticed Natasha
   979 | D:2      | Killed Natasha
   979 | D:2      | Reached XP level 5. HP: 17/41 MP: 5/5
   991 | D:2      | Noticed Natasha
  1001 | D:2      | Killed Natasha
  1331 | D:2      | Noticed Natasha
  1344 | D:2      | Killed Natasha
  2072 | D:3      | Reached skill level 4 in Shields
  2072 | D:3      | Reached XP level 6. HP: 45/47 MP: 6/6
  2594 | D:3      | Found a white marble altar of Elyvilon.
  2606 | D:3      | Became a worshipper of Elyvilon the Healer
  3069 | D:4      | Reached XP level 7. HP: 22/54 MP: 7/7
  3545 | D:4      | Noticed a sky beast
  3558 | D:4      | Killed a sky beast
  3644 | D:4      | Found a blossoming altar of Fedhas.
  3672 | D:4      | Noticed an oklob plant
  3673 | D:4      | Acquired Elyvilon's first power
  3709 | D:4      | Splashed by an oklob plant's acid

Vault maps used:
D:1:      eino_arrival_tree_alley
D:2:      wad_pebble_path, tgw_kikubaaqudgha, uniq_natasha
D:3:      lemuel_doored_altar, minmay_misc_feat_nine_boxes
D:4:      tgw_fedhas, first_bread

Action                   |  1- 3 |  4- 6 |  7- 9 || total
-------------------------+-------+-------+-------++-------
Melee: Trident           |   112 |   298 |   124 ||   534
Throw: Javelin           |       |       |     3 ||     3
  Use: Scroll            |     6 |     3 |       ||     9
       Potion            |     2 |     7 |     1 ||    10
  Eat: Chunk             |       |     8 |     2 ||    10
